 Dungeon Crawl Stone Soup version 0.30.1-9-gdf580d7c3d (webtiles) character file.

Game seed: 3586815697409920315

230 Norrock the Charlatan (level 6, -1/35 HPs)
             Began as a Kobold Artificer on Sept 29, 2023.
             Slain by an iron imp (11 damage)
             ... summoned by Eustachio
             ... on level 4 of the Dungeon on Sept 30, 2023.
             The game lasted 00:22:11 (2388 turns).

Norrock the Charlatan (Kobold Artificer)            Turns: 2388, Time: 00:22:14

Health: -1/35      AC:  0    Str: 10    XL:     6   Next: 24%
Magic:  6/6        EV: 16    Int: 12    God:
Gold:   202        SH:  0    Dex: 17    Spells: 5/5 levels left

rFire   . . .        B - melded +9 club
rCold   . . .        (shield currently unavailable)
rNeg    . . .        q - melded +0 ring mail
rPois   .            (helmet currently unavailable)
rElec   .            o - melded scarf {rC+ rF+}
rCorr   .            (gloves currently unavailable)
SInv    .            (boots currently unavailable)
Will    .....        v - amulet of the acrobat
Stlth   +++          t - melded ring of protection from fire
HPRegen 0.25/turn    (ring currently unavailable)
MPRegen 0.10/turn

%: acrobat
@: pig-form, very quick
A: fast, no casting, small, no large weapons, nightstalker 3
a: no special abilities


You were on level 4 of the Dungeon.
You were a filthy swine.
You visited 1 branch of the dungeon, and saw 4 of its levels.

You collected 202 gold pieces.

Inventory:

Hand Weapons
 g - a +0 dagger
 j - a +2 flail of holy wrath
 B - a +9 club (melded)
Armour
 b - a +0 leather armour
 o - a scarf of resistance (melded)
 q - a +0 ring mail (melded)
 x - a scarf of resistance
Jewellery
 t - a ring of protection from fire (melded)
 v - an amulet of the acrobat (around neck)
 C - an amulet of reflection
Wands
 c - a wand of flame (3) (quivered)
 d - a wand of charming (14)
 e - a wand of iceblast (4)
 z - a wand of polymorph (6)
 A - a wand of roots (12)
Scrolls
 a - a scroll of amnesia {unknown}
 i - a scroll of silence {unknown}
 k - 6 scrolls of identify
 l - a scroll of immolation
 m - a scroll of teleportation {unknown}
 n - a scroll of noise {unknown}
 p - a scroll of torment {unknown}
 y - a scroll of brand weapon {unknown}
 D - a scroll of vulnerability {unknown}
Potions
 f - 2 potions of haste
 h - a potion of degeneration {unknown}
 r - a potion of curing {unknown}
 s - 2 potions of flight {unknown}
 u - 2 potions of heal wounds {unknown}
 w - a potion of mutation {unknown}


   Skills:
 - Level 2.0 Fighting
 + Level 2.1 Maces & Flails
 - Level 0.7 Armour
 + Level 4.4 Dodging
 - Level 1.3 Stealth
 + Level 5.7 Evocations


You had 5 spell levels left.
You didn't know any spells.
Your spell library contained the following spells:

 Spells                   Type           Power      Damage    Failure   Level
 Call Canine Familiar     Summ           0%         N/A       69%         3
 Portal Projectile        Hex/Tloc       0%         N/A       69%         3
 Volatile Blastmotes      Fire/Tloc      0%         2d10      69%         3
 Fulminant Prism          Conj/Hex       0%         3d5       97%         4
 Iskenderun's Mystic Bla  Conj/Tloc      0%         2d3       97%         4
 Leda's Liquefaction      Hex/Erth       0%         N/A       97%         4
 Lee's Rapid Deconstruct  Erth           0%         3d4*      100%        5


Dungeon Overview and Level Annotations

Branches:
Dungeon (4/15)
 Temple: D:4-7

Altars:

Annotations:
D:4 Eustachio


Innate Abilities, Weirdness & Mutations

You are a filthy swine.
You move quickly.
Your equipment is almost entirely melded.
You are incapable of wielding weapons or throwing items.
You cannot cast spells.
You are small and have problems with some larger weapons.
You are completely attuned to the shadows.


Message History

You barely miss Eustachio. Your punch misses Eustachio.
Eustachio is lightly wounded.
The ufetubus hits you. x2
Eustachio mumbles some strange words.
You closely miss Eustachio.
Eustachio is lightly wounded.
The ufetubus barely misses you. The ufetubus closely misses you.
The iron imp closely misses you.
Eustachio zaps a wand.
You resist with some effort.
The ufetubus hits you but does no damage.
The ufetubus closely misses you. The bat hits you.
The river rat barely misses you.
You hit Eustachio but do no damage.
Eustachio is lightly wounded.
You hear the slow hiss of a very distant avalanche of sand.
The bat hits you but does no damage.
The ufetubus hits you but does no damage.
The ufetubus misses you. The iron imp misses you. Eustachio closely misses you.
The ufetubus closely misses you.
The ufetubus hits you but does no damage.
The river rat bites you but does no damage.
You barely miss Eustachio.
Eustachio is lightly wounded.
The bat barely misses you. The bat closely misses you.
The ufetubus closely misses you. The ufetubus hits you.
Eustachio barely misses you. The iron imp misses you. The river rat bites you!
The ufetubus hits you but does no damage.
The ufetubus hits you.
Eustachio zaps a wand.
You turn into a filthy swine.
Your +9 club melds into your body.
Your scarf of resistance melds into your body.
Your +0 ring mail melds into your body.
Your ring of protection from fire melds into your body.
You feel hot and cold all over.
As you read the scroll labelled UGROLUT YZXASA, it crumbles to dust.
The creatures around you are filled with an inner flame!
It was a scroll of immolation.
The ufetubus completely misses you. The ufetubus hits you.
* * * LOW HITPOINT WARNING * * *
The iron imp hits you!
You die...

.....# ......#
.....!.# ....<..@#
.!../.bh#..
...#####.......55r..#
................b.###
.................##
...................
...$...............
...........(.......
......)....#####..
.#...#.)..## ..


You could see Eustachio (inner flame), an iron imp (summoned, inner flame), a
river rat (summoned, inner flame), an ufetubus (summoned, inner flame) and 2
bats.

Vanquished Creatures
  A hound (D:4)
  Ijyb (D:3)
  Natasha (thrice) (D:3)
  A sleepcap (D:4)
  An adder (D:2)
  A dart slug (D:2)
  A worm (D:3)
  An orc (D:4)
  7 ball pythons
  3 bats
  5 endoplasms
  2 giant cockroaches (D:3)
  6 hobgoblins
  2 jackals (D:3)
  6 kobolds
  3 quokkas
  5 frilled lizards
  4 goblins
  12 rats
65 creatures vanquished.

Notes
Turn   | Place    | Note
-------+----------+-------------------------------------------
     0 | D:1      | Norrock the Kobold Artificer began the quest for the Orb.
     0 | D:1      | Reached XP level 1. HP: 12/12 MP: 1/1
   203 | D:1      | Reached XP level 2. HP: 16/16 MP: 2/2
   309 | D:1      | Reached skill level 4 in Evocations
   971 | D:2      | Reached XP level 3. HP: 21/21 MP: 3/3
  1737 | D:3      | Noticed Natasha
  1741 | D:3      | Killed Natasha
  1742 | D:3      | Reached XP level 4. HP: 26/26 MP: 4/4
  1796 | D:3      | Noticed Natasha
  1810 | D:3      | Killed Natasha
  1811 | D:3      | Reached skill level 1 in Maces & Flails
  1811 | D:3      | Reached skill level 5 in Evocations
  1811 | D:3      | Reached XP level 5. HP: 25/30 MP: 5/5
  1826 | D:3      | Noticed Natasha
  1830 | D:3      | Killed Natasha
  2077 | D:3      | Noticed Ijyb
  2082 | D:3      | Killed Ijyb
  2314 | D:4      | Reached XP level 6. HP: 34/35 MP: 6/6
  2378 | D:4      | Noticed Eustachio
  2388 | D:4      | Slain by an iron imp

Illustrated notes

Levels and vault maps discovered:
D:1:      heliophobic_arrival_henge, layout_basic
D:2:      layout_basic, nicolae_figureground_pulse
D:3:      layout_rooms, uniq_natasha, uniq_ijyb
D:4:      layout_rooms, lightli_ossuary_entry_decrepit_ruins, uniq_eustachio

Skill      XL: |  1  2  3  4  5  6 |
---------------+-------------------+-----
Evocations     | 4 5 |  5.7
Dodging        | 3 4 |  4.4
Fighting       | 2 |  2.0
Maces & Flails | 1 2 |  2.1
Armour         | |  0.7
Stealth        | |  1.3

Action                     |  1- 3 |  4- 6 || total
---------------------------+-------+-------++-------
  Melee: Club              |    17 |    34 ||    51
         Dagger            |    11 |       ||    11
         Flail             |    67 |    38 ||   105
         Punch             |     1 |       ||     1
  Evoke: Wand              |     6 |     8 ||    14
    Use: Scroll            |     1 |     1 ||     2
   Stab: Sleeping          |    14 |     7 ||    21
 Armour: Leather armour    |    18 |       ||    18
         Ring mail         |     5 |    22 ||    27
  Dodge: Dodged            |    48 |    59 ||   107
